 Dungeon Crawl Stone Soup version 0.31-b1-22-gc680215f68 (webtiles) character file.

Game seed: 15037370274120434354

224172 barb4r1an the Severer (level 18, -20/176 HPs)
             Began as a Minotaur Berserker on Jan 18, 2024.
             Was a High Priest of Trog.
             Blown up by an orb spider (60 damage)
             ... with an orb of destruction
             ... led by a torpor snail
             ... on level 4 of the Spider Nest.
             The game lasted 01:24:52 (33911 turns).

barb4r1an the Severer (Minotaur Berserker)         Turns: 33911, Time: 01:24:52

Health: -20/176    AC: 28    Str: 19    XL:     18   Next: 58%
Magic:  17/17      EV: 19    Int:  4    God:    Trog [*****.]
Gold:   2990       SH:  9    Dex: 27    Spells: 17/17 levels left

rFire   . . .        s - +11 battleaxe "Cavyvov" {flame, Dex+6 SInv Stlth+}
rCold   + . .        (shield currently unavailable)
rNeg    + + .        w - +2 plate armour {Will+}
rPois   .            (helmet restricted)
rElec   +            D - +0 cloak of the Many Spines {Dex+3}
rCorr   .            P - +0 pair of gloves of Ru's Wrath {Dex+2}
SInv    +            T - +2 pair of boots
Will    +++++        x - amulet of reflection Stlth
                     Z - ring of willpower
HPRegen 1.49/turn    z - ring "Ycous" {Fly rElec rN++ Str-5 SInv}
MPRegen 0.15/turn

%: reflection
@: strong-willed, flying, regenerating, studying Throwing
A: horns 2, retaliatory headbutt, large bone plates 1, cold resistance 1
}: 1/15 runes: barnacled
a: Renounce Religion, Berserk, Trog's Hand, Brothers in Arms


You were on level 4 of the Spider Nest.
You worshipped Trog.
Trog was extremely pleased with you.
You visited 6 branches of the dungeon, and saw 31 of its levels.
You also visited: Sewer, Ossuary and Gauntlet.

You collected 3549 gold pieces.
You spent 559 gold pieces at shops.

Inventory:

Hand Weapons
 a - a +4 antimagic broad axe
 s - the +11 battleaxe "Cavyvov" (weapon) {flame, Dex+6 SInv Stlth+}
   (Trog gifted it to you on level 4 of the Spider Nest)

   Dex+6:     It affects your dexterity (+6).
   SInv:      It lets you see invisible.
   Stlth+:    It makes you more stealthy.
 I - the +9 broad axe of Articulation {heavy, *Noise rPois rC+ Str+4}
   (Trog gifted it to you on level 6 of the Dungeon)

   Str+4:     It affects your strength (+4).
   rC+:       It protects you from cold.
   rPois:     It protects you from poison *Noise: It may make a loud noise when
   swung.
Armour
 w - a +2 plate armour of willpower (worn)
 D - the +0 cloak of the Many Spines (worn) {Dex+3}
   (You found it on level 3 of the Spider Nest)

   Dex+3:     It affects your dexterity (+3).
 P - the +0 pair of gloves of Ru's Wrath (worn) {Dex+2}
   (You found it in a Gauntlet)

   Dex+2:     It affects your dexterity (+2).
 T - a +2 pair of boots (worn)
 U - a +0 tower shield
 V - +0 fire dragon scales
Jewellery
 j - a ring of resist corrosion
 r - the amulet "Holapok" {Acrobat Int+3}
   (You found it in a Gauntlet)

   [amulet of the acrobat]

   Acrobat:   It increases your evasion while moving and waiting.
   Int+3:     It affects your intelligence (+3).
 v - a +5 ring of evasion
 x - an amulet of reflection (around neck)
 z - the ring "Ycous" (right hand) {Fly rElec rN++ Str-5 SInv}
   (You found it on level 5 of the Dungeon)

   [ring of flight]

   Str-5:     It affects your strength (-5).
   rElec:     It insulates you from electricity.
   rN++:      It greatly protects you from negative energy.
   SInv:      It lets you see invisible.
   Fly:       It grants you flight.
 H - a ring of see invisible
 L - a ring of protection from cold
 R - a +6 ring of intelligence
 Z - a ring of willpower (left hand)
Wands
 J - a wand of digging (6)
Scrolls
 c - 5 scrolls of enchant weapon
 e - a scroll of revelation
 f - 2 scrolls of fog
 g - 5 scrolls of torment
 i - a scroll of silence {unknown}
 l - 3 scrolls of blinking
 o - 10 scrolls of teleportation
 p - 2 scrolls of summoning
 q - a scroll of acquirement {unknown}
 u - a scroll of identify
 y - 2 scrolls of fear {unknown}
 E - 4 scrolls of immolation
 O - 2 scrolls of poison {unknown}
Potions
 b - 11 potions of ambrosia
 d - 8 potions of curing
 h - 2 potions of resistance
 k - 5 potions of heal wounds
 m - 4 potions of attraction
 n - 8 potions of brilliance
 t - 2 potions of cancellation
 A - 4 potions of mutation
 B - 5 potions of invisibility
 C - 8 potions of haste
 G - a potion of experience {unknown}
 M - 3 potions of enlightenment
 N - 2 potions of berserk rage {unknown}
 Q - 2 potions of lignification {unknown}
 S - 8 potions of might
 Y - 2 potions of magic {unknown}
Miscellaneous
 K - a tin of tremorstones (2/2)
 X - a lightning rod (4/4)


   Skills:
 + Level 19.5 Fighting
 + Level 19.6 Axes
 + Level 19.3 Armour
 - Level 18.1 Dodging
 - Level 4.0 Stealth
 + Level 9.7 Shields
 * Level 10.9 Evocations


You had 17 spell levels left.
You didn't know any spells.
Your spell library was empty.

Dungeon Overview and Level Annotations

Branches:
Dungeon (15/15)            Temple (0/1) D:5            Lair (5/5) D:9
 Shoals (4/4) Lair:2       Spider (4/4) Lair:3        Slime (0/5) Lair:5
    Orc (2/2) D:12            Elf (1/3) Orc:2        Vaults (0/5) D:14
 Depths (0/4) D:15          Sewer (visited)         Ossuary (visited)
Gauntlet (visited)

Altars:
Kikubaaqudgha
Makhleb
Nemelex Xobeh
Okawaru
Qazlal
Ru
Uskayaw
Yredelemnul
Jiyva

Shops:
D:2 :*(   D:6 *   D:12 [   Orc:1 *   Orc:2 !:*:

Portals:
Hell: Lair:5
Trove: D:15 (give +3 fire dragon scales)

Annotations:
D:13 3 runed translucent doors, peterlawrence's ghost, journeyman MiFi


Innate Abilities, Weirdness & Mutations

You have a pair of horns on your head.
You reflexively headbutt those who attack you in melee.
You are partially covered in large bone plates. (SH +4)
Your flesh is cold resistant. (rC+)


Message History

The redback simulacrum completely misses you.
There is a web, spattered with blood here.
You struggle to detach yourself from the web.
The jumping spider barely misses you. You furiously retaliate!
You headbutt the jumping spider, but do no damage.
The jumping spider bites you but does no damage.
The redback simulacrum closely misses you.
You furiously retaliate!
You headbutt the redback simulacrum.
The web tears apart.
The jumping spider leaps!
The redback simulacrum bites you but does no damage.
The orb spider weaves a glowing orb of energy.
An orb of destruction comes into view.
You hit the redback simulacrum.
You melt the redback simulacrum.
The redback simulacrum vaporises!
You are no longer corroded.
The orb of destruction hits you!!!
* * * LOW HITPOINT WARNING * * *
You closely miss the jumping spider.
The jumping spider completely misses you.
The jumping spider bites you but does no damage.
You closely miss the jumping spider.
The orb spider's soul is no longer bound.
The jumping spider pounces on you but does no damage.
The jumping spider misses you.
You slice the jumping spider!! You burn the jumping spider.
The jumping spider is almost dead.
The jumping spider leaps!
Your skin crawls.
You feel strong-willed.
The jumping spider leaps!
The orb spider pulsates with a strange energy.
Things that are here:
an entropy weaver corpse; a torpor snail corpse The orb spider weaves a glowing orb of energy.
An orb of destruction comes into view.
You see here a culicivora corpse.
You feel better.
The jumping spider leaps!
The orb of destruction hits you!!!
You die...

###....#........
#...#.....^...#
#......^.#...#
#...........#
###^......s.#
##.....○.##
####..○^# ##†°.#
#@○^# ##..^#
#[..## #...#
#...# #..## #..#
##.^# #.^.#


You could see an orb spider.

Vanquished Creatures
  Bai Suzhen (Spider:3)
  Jorgrun (D:13)
  2 krakens
  Polyphemus (Shoals:4)
  Frances (Spider:2)
  The ghost of Amuaxidi the Fencer, an adept FoCK of Xom (Shoals:2)
  Aizul (Spider:3)
  Kirke (Lair:3)
  Ilsuiw (Shoals:2)
  The ghost of Axipewex the Grappler, a journeyman OnSh of Okawaru (D:14)
  The ghost of robotcentaur the Nimble, an adept TeNe of Gozag (Spider:3)
  A frost giant (Shoals:4)
  2 emperor scorpions
  2 ghost moths
  Louise (D:15)
  4 broodmothers
  The ghost of Befuwnopp the Grappler, a journeyman TrHu of Cheibriados (Lair:3)
  The ghost of TangoThomas the Spear-Bearer, a journeyman MfSh of Lugonu (Orc:1)
  3 spark wasps
  Azrael (D:12)
  A minotaur (Gauntlet)
  Snorg (Lair:4)
  An ettin (Orc:1)
  5 entropy weavers
  13 merfolk impalers
  A fire dragon (D:15)
  4 merfolk javelineers (Shoals:4)
  A rakshasa (D:15)
  6 hydras
  A vault guard (D:14)
  2 jorogumos
  A merfolk aquamancer (Shoals:4)
  A catoblepas (Shoals:4)
  2 merfolk avatars (Shoals:4)
  5 centaur warriors
  6 boulder beetles
  A satyr (Shoals:3)
  6 two-headed ogres
  2 death knights
  8 death yaks
  An occultist (Lair:5)
  3 demonic crawlers
  The ghost of Roubeug the Spry, a journeyman FeBe of Trog (D:12)
  5 skeletal warriors (D:13)
  A sixfirhy (Gauntlet)
  12 pharaoh ants
  Amaemon (D:8)
  A sun demon (Lair:5)
  9 skysharks
  11 sea snakes
  6 orb spiders
  4 orc knights
  3 steelbarb worms
  A lindwurm (Lair:3)
  5 deep elf pyromancers
  2 deep elf zephyrmancers
  19 wolf spiders
  16 harpies
  2 necromancers
  8 ugly things
  A cyclops (shapeshifter) (D:14)
  An orc sorcerer (Orc:1)
  An elephant (D:9)
  6 cyclopes
  Joseph (D:7)
  12 manticores
  14 fauns
  6 meliai (Spider:3)
  An ice statue (Lair:3)
  11 merfolk sirens
  8 torpor snails
  5 kobold blastminers
  15 cane toads
  4 water nymphs
  5 black mambas
  2 gargoyles
  3 unseen horrors
  A yaktaur (D:14)
  2 orange demons
  A freezing wraith (D:14)
  8 rime drakes
  3 kobold demonologists
  2 ice devils (Lair:5)
  An efreet (D:15)
  12 komodo dragons
  46 merfolk
  2 tengu conjurers (D:15)
  2 red devils (Lair:5)
  A hellwing (Lair:5)
  A queen bee (shapeshifter) (D:15)
  A queen bee (D:9)
  A spectral harpy (Shoals:2)
  2 polar bears
  19 tarantellas
  5 trolls
  6 wind drakes
  A raiju (shapeshifter) (D:13)
  A spectral manticore (Shoals:2)
  18 blink frogs
  A raiju (Gauntlet)
  7 dream sheep
  13 snapping turtles
  11 slime creatures
  4 shadows
  27 jumping spiders
  18 culicivoras
  14 water elementals
  7 wyverns
  2 wraiths
  A spriggan (shapeshifter) (D:13)
  Sigmund (D:6)
  3 fire elementals
  A warg (shapeshifter) (D:14)
  3 fire bats (Lair:2)
  36 yaks
  Grum (D:8)
  48 redbacks
  7 basilisks
  3 wargs
  5 hogs (Lair:3)
  2 humans (D:12)
  3 steam dragons
  2 harpy simulacra
  7 vampire mosquitoes
  An acid dragon (D:11)
  15 water moccasins
  A spectral snapping turtle (Shoals:2)
  10 hell hounds
  A meliai simulacrum (D:14)
  A sky beast (D:7)
  A sky beast (shapeshifter) (D:14)
  4 black bears
  3 ice beasts
  6 laughing skulls
  A hornet zombie (D:7)
  33 orc warriors
  5 wolves (D:8)
  7 ogres
  22 centaurs
  A wind drake simulacrum (Shoals:2)
  A phantom (D:5)
  6 kobold brigands
  A weeping skull (Gauntlet)
  An elf zombie (Ossuary)
  19 bullfrogs
  A gnoll sergeant (D:12)
  6 scorpions
  A water nymph simulacrum (Shoals:2)
  3 merfolk simulacra (Shoals:2)
  6 wights
  20 killer bees
  An electric eel (Lair:2)
  A howler monkey (D:6)
  5 centaur zombies
  Crazy Yiuf (D:3)
  4 hounds
  2 jellies (Lair:5)
  12 orc priests
  2 gnoll boudas
  2 human zombies (Ossuary)
  Jessica (D:3)
  2 iguanas
  A sleepcap (D:7)
  Natasha (thrice) (D:2)
  11 orc wizards
  A killer bee zombie (D:7)
  5 centaur simulacra
  5 hound zombies (Ossuary)
  2 mummies (Ossuary)
  2 howler monkey zombies (D:7)
  Robin (D:3)
  11 adders
  9 gnolls
  5 river rats (Sewer)
  2 white imps
  9 ufetubi
  6 adder zombies (Ossuary)
  3 ribbon worms
  2 dart slugs (D:2)
  68 orcs
  A bat (D:1)
  A bat zombie (D:4)
  8 endoplasms
  5 giant cockroaches
  4 gnoll zombies (Ossuary)
  14 goblins
  11 hobgoblins
  3 jackals (D:1)
  4 quokkas
  12 ball pythons
  2 frilled lizards
  A frilled lizard zombie (D:4)
  5 jackal zombies (Ossuary)
  38 kobolds
  9 kobold zombies (Ossuary)
  An orc zombie (Ossuary)
  20 rats
  6 tentacles
1167 creatures vanquished.

Vanquished Creatures (collateral kills)
  Arachne (Spider:2)
  Rupert (D:14)
  A kraken (Shoals:4)
  An emperor scorpion (Spider:3)
  The ghost of Nyg Tys the Severer, a journeyman MiBe of Trog (D:12)
  A merfolk impaler (Shoals:4)
  An orange crystal statue (Spider:3)
  A harpy (Shoals:4)
  A merfolk siren (Shoals:4)
  6 merfolk (Shoals:4)
  A vampire mosquito (D:14)
  4 tentacles (Shoals:4)
20 creatures vanquished.

Vanquished Creatures (others)
  A catoblepas (D:14)
  A manticore (Shoals:4)
  A jumping spider (Spider:1)
  13 tentacles
16 creatures vanquished.

Grand Total: 1203 creatures vanquished

Notes
Turn   | Place    | Note
-------+----------+-------------------------------------------
     0 | D:1      | barb4r1an the Minotaur Berserker began the quest for the
                  | Orb.
     0 | D:1      | Reached XP level 1. HP: 19/19 MP: 0/0
   200 | D:1      | Reached XP level 2. HP: 27/27 MP: 1/1
   356 | D:1      | Found a faded altar of an unknown god.
   426 | D:1      | You fall into a shaft and drop 1 floor!
   670 | D:2      | Noticed Natasha
   676 | D:2      | Killed Natasha
   677 | D:2      | Reached XP level 3. HP: 19/33 MP: 2/2
   772 | D:2      | Noticed Natasha
   778 | D:2      | Killed Natasha
   779 | D:2      | Reached skill level 5 in Axes
   779 | D:2      | Reached XP level 4. HP: 40/40 MP: 3/3
   824 | D:2      | Reached ** piety under Trog
   851 | D:2      | Noticed Natasha
   854 | D:2      | Killed Natasha
   881 | D:2      | Found Ofes's Antique Weapon Shop.
  1091 | D:2      | Reached XP level 5. HP: 13/47 MP: 4/4
  1224 | D:2      | Found Dymol's Book Shop.
  1320 | D:2      | Found Othoitwu's Assorted Antiques.
  1327 | D:2      | Bought a golden potion for 24 gold pieces
  1654 | D:3      | Noticed Jessica
  1660 | D:3      | Killed Jessica
  1875 | D:3      | Found a runed translucent door.
  1876 | D:3      | Noticed Crazy Yiuf
  1885 | D:3      | Killed Crazy Yiuf
  1888 | D:3      | Identified the +7 hammer of Demonkind {heavy, *Slow rPois
                  | rF+++ Int-3}
  1981 | D:3      | Noticed Robin
  2013 | D:3      | Reached skill level 5 in Fighting
  2019 | D:3      | Killed Robin
  2121 | D:3      | Noticed an ogre
  2127 | D:3      | Killed an ogre
  2128 | D:3      | Reached XP level 6. HP: 38/56 MP: 5/5
  2189 | D:3      | Found a hide-covered altar of Uskayaw.
  2435 | D:4      | Reached *** piety under Trog
  2536 | D:4      | Reached XP level 7. HP: 37/61 MP: 6/6
  2843 | D:4      | Reached skill level 5 in Armour
  2980 | D:4      | Found an ancient bone altar of Kikubaaqudgha.
  3265 | D:5      | Entered Level 5 of the Dungeon
  3356 | D:5      | Identified the ring "Ycous" {Fly rElec rN++ Str-5 SInv}
  3364 | D:5      | Found a sand-covered staircase.
  3371 | Ossuary  | Entered an ossuary
  3444 | Ossuary  | Reached skill level 5 in Dodging
  3476 | Ossuary  | Reached **** piety under Trog
  3523 | Ossuary  | Reached XP level 8. HP: 59/71 MP: 7/7
  3707 | D:5      | Found a staircase to the Ecumenical Temple.
  4133 | D:5      | Reached XP level 9. HP: 26/81 MP: 8/8
  4571 | D:6      | Found a glowing drain.
  4578 | Sewer    | Entered a sewer
  4724 | Sewer    | Reached ***** piety under Trog
  5205 | D:6      | Found Duimemey's General Store.
  5418 | D:6      | Identified the +9 broad axe of Articulation {heavy, *Noise
                  | rPois rC+ Str+4} (Trog gifted it to you on level 6 of the
                  | Dungeon)
  5418 | D:6      | Received a gift from Trog
  5669 | D:6      | Noticed Sigmund
  5676 | D:6      | Killed Sigmund
  5753 | D:6      | Bought a scroll of identify for 24 gold pieces
  5808 | D:6      | Reached skill level 1 in Stealth
  6166 | D:7      | Noticed Joseph
  6168 | D:7      | Reached skill level 10 in Dodging
  6176 | D:7      | Killed Joseph
  6177 | D:7      | Reached XP level 10. HP: 46/91 MP: 9/9
  6902 | D:8      | Reached skill level 10 in Axes
  7037 | D:8      | Noticed a two-headed ogre
  7042 | D:8      | Killed a two-headed ogre
  7043 | D:8      | Reached skill level 10 in Fighting
  7114 | D:8      | Noticed Amaemon
  7119 | D:8      | Noticed an orange demon
  7120 | D:8      | Noticed Grum
  7124 | D:8      | Killed Amaemon
  7127 | D:8      | Killed Grum
  7133 | D:8      | Killed an orange demon
  7134 | D:8      | Reached skill level 10 in Armour
  7268 | D:8      | Reached XP level 11. HP: 101/101 MP: 10/10
  7816 | D:9      | Found a sacrificial altar of Ru.
  8025 | D:9      | Reached ****** piety under Trog
  8105 | D:9      | Found a staircase to the Lair.
  8235 | D:9      | Identified the +6 chain mail of the Ward {-Tele Regen+
                  | Str+4 SInv}
  8260 | D:9      | Identified the +2 shortbow of Kipun {speed, *Corrode rElec
                  | rC+ Will+}
  8315 | D:9      | Found a basalt altar of Yredelemnul.
  8607 | D:10     | Entered Level 10 of the Dungeon
  8786 | D:10     | Noticed a two-headed ogre
  8791 | D:10     | Killed a two-headed ogre
  9444 | D:11     | Noticed a two-headed ogre
  9453 | D:11     | Killed a two-headed ogre
  9455 | D:11     | Received a gift from Trog
  9578 | D:11     | Noticed a boulder beetle
  9585 | D:11     | Killed a boulder beetle
  9602 | D:11     | Reached XP level 12. HP: 110/112 MP: 11/11
  9776 | D:11     | Found a sparkling altar of Nemelex Xobeh.
 10494 | D:12     | Noticed a two-headed ogre
 10499 | D:12     | Noticed a two-headed ogre
 10503 | D:12     | Killed a two-headed ogre
 10508 | D:12     | Killed a two-headed ogre
 10515 | D:12     | Noticed a two-headed ogre
 10525 | D:12     | Killed a two-headed ogre
 10719 | D:12     | Found a staircase to the Orcish Mines.
 10741 | D:12     | Found Bafoshac's Armour Shoppe.
 10745 | D:12     | Noticed Azrael
 10750 | D:12     | Killed Azrael
 10755 | D:12     | Found an iron altar of Okawaru.
 10990 | D:12     | Found a runed translucent gate.
 10991 | D:12     | Found a runed translucent gate.
 10992 | D:12     | Found a runed translucent gate.
 10992 | D:12     | Noticed Roubeug's ghost (journeyman FeBe)
 10996 | D:12     | Noticed Nyg Tys's ghost (journeyman MiBe)
 11178 | D:12     | Killed Nyg Tys's ghost
 11184 | D:12     | Killed Roubeug's ghost
 11288 | D:13     | Reached skill level 15 in Dodging
 11390 | D:13     | Found a stormy altar of Qazlal.
 11428 | D:13     | Noticed a centaur warrior
 11429 | D:13     | Found a runed translucent gate.
 11429 | D:13     | Noticed a lich
 11429 | D:13     | Noticed a lich
 11430 | D:13     | Found a runed translucent gate.
 11430 | D:13     | Found an ancient bone altar of Kikubaaqudgha.
 11430 | D:13     | Noticed a lich
 11431 | D:13     | Found a runed translucent gate.
 11431 | D:13     | Noticed a lich
 11431 | D:13     | Noticed peterlawrence's ghost (journeyman MiFi)
 11436 | D:13     | Killed a centaur warrior
 11580 | D:13     | Gained mutation: You are partially covered in large bone
                  | plates. (SH +4) [potion of mutation]
 11580 | D:13     | Gained mutation: Your flesh is cold resistant. (rC+)
                  | [potion of mutation]
 11650 | D:13     | Noticed a centaur warrior
 11654 | D:13     | Killed a centaur warrior
 11655 | D:13     | Reached XP level 13. HP: 116/122 MP: 12/12
 11934 | D:13     | Noticed Jorgrun
 11947 | D:13     | Killed Jorgrun
 12411 | D:14     | Found a runed translucent door.
 12412 | D:14     | Noticed Axipewex's ghost (journeyman OnSh)
 12422 | D:14     | Killed Axipewex's ghost
 12705 | D:14     | Noticed Rupert
 12718 | D:14     | Killed Rupert
 13511 | D:14     | Reached skill level 15 in Axes
 13649 | D:14     | Reached XP level 14. HP: 125/133 MP: 13/13
 13667 | D:14     | Found a gate to the Vaults.
 13783 | D:15     | Entered Level 15 of the Dungeon
 13973 | D:15     | Reached skill level 15 in Fighting
 14008 | D:15     | Found a staircase to the Depths.
 14107 | D:15     | Noticed Louise
 14123 | D:15     | Killed Louise
 14444 | D:15     | Reached skill level 15 in Armour
 14692 | D:15     | Found a portal to a secret trove of treasure.
 14995 | D:10     | Received a gift from Trog
 15040 | Lair:1   | Entered Level 1 of the Lair of Beasts
 15749 | Lair:2   | Identified the +0 ring mail of Indemnity {-Cast rN+ Regen+
                  | SInv}
 16151 | Lair:2   | Found a staircase to the Shoals.
 17312 | Lair:3   | Noticed Kirke
 17319 | Lair:3   | Received a gift from Trog
 17383 | Lair:3   | Killed Kirke
 17528 | Lair:3   | Found a transporter.
 17537 | Lair:3   | Noticed Befuwnopp's ghost (journeyman TrHu)
 17546 | Lair:3   | Found a hole to the Spider Nest.
 17637 | Lair:3   | Reached XP level 15. HP: 120/144 MP: 14/14
 17807 | Lair:3   | Found a transporter.
 18160 | Lair:3   | Killed Befuwnopp's ghost
 18399 | Lair:4   | Noticed Snorg
 18407 | Lair:4   | Killed Snorg
 18778 | Lair:4   | Identified the +10 spear of Mourning {drain, rPois rCorr
                  | MP+9}
 18851 | Lair:4   | Identified the +0 robe "Ulywn" {Regen+}
 19269 | Lair:5   | Entered Level 5 of the Lair of Beasts
 19343 | Lair:5   | Found a gate leading to a gauntlet.
 19348 | Lair:5   | Found a staircase to the Slime Pits.
 19353 | Gauntlet | Entered a Gauntlet
 19353 | Gauntlet | Found a transporter.
 19353 | Gauntlet | Found a transporter.
 19353 | Gauntlet | Found a transporter.
 19357 | Gauntlet | Found a transporter.
 19357 | Gauntlet | Found a transporter.
 19357 | Gauntlet | Found a transporter.
 19367 | Gauntlet | Found a transporter.
 19371 | Gauntlet | Found a transporter.
 19381 | Gauntlet | Found a transporter.
 19483 | Gauntlet | Found a transporter.
 19487 | Gauntlet | Found a transporter.
 19497 | Gauntlet | Found a transporter.
 19578 | Gauntlet | Identified the +0 pair of gloves of Ru's Wrath {Dex+2}
 19644 | Gauntlet | Identified the amulet "Holapok" {Acrobat Int+3}
 19660 | Gauntlet | Identified the +3 shadow dragon scales of the Meadowlark
                  | {rCorr Stlth++++}
 19844 | Lair:5   | Found a viscous altar of Jiyva.
 19952 | Lair:5   | Received a gift from Trog
 20502 | Lair:5   | Found a burning altar of Makhleb.
 20697 | Lair:5   | Found a gateway to Hell.
 20952 | Orc:1    | Entered Level 1 of the Orcish Mines
 21084 | Orc:2    | Entered Level 2 of the Orcish Mines
 21146 | Orc:1    | Noticed TangoThomas's ghost (journeyman MfSh)
 21157 | Orc:1    | Found a runed translucent gate.
 21157 | Orc:1    | Found a runed translucent gate.
 21160 | Orc:1    | Found a runed translucent gate.
 21291 | Orc:1    | Found Umaujux's Gadget Gallery.
 21302 | Orc:1    | Bought a wand of digging (6) for 277 gold pieces
 21600 | Orc:1    | Killed TangoThomas's ghost
 21766 | Orc:2    | Reached skill level 1 in Evocations
 21775 | Orc:2    | Reached skill level 1 in Shields
 21849 | Orc:2    | Found a staircase to the Elven Halls.
 21866 | Orc:2    | Received a gift from Trog
 22040 | Orc:2    | Found Qumiyser's Book Emporium.
 22040 | Orc:2    | Found Tiemufur's Assorted Antiques.
 22042 | Orc:2    | Found Goresmem's Book Boutique.
 22044 | Orc:2    | Found Wyikh's Distillery.
 22056 | Orc:2    | Bought a potion of enlightenment for 90 gold pieces
 22056 | Orc:2    | Bought 2 potions of might for 144 gold pieces
 22181 | Elf:1    | Entered Level 1 of the Elven Halls
 22361 | Spider:1 | Entered Level 1 of the Spider Nest
 22388 | Spider:1 | Reached XP level 16. HP: 122/155 MP: 15/15
 23837 | Spider:2 | Noticed Arachne
 23852 | Spider:2 | Killed Arachne
 23855 | Spider:2 | Lost intelligence.
 24541 | Spider:2 | Noticed Frances
 24559 | Spider:2 | Killed Frances
 24888 | Spider:2 | Reached skill level 5 in Evocations
 25518 | Spider:3 | Found a transporter.
 25753 | Spider:3 | Identified the +2 battleaxe of Death's Door {heavy, Str+4}
                  | (Trog gifted it to you on level 3 of the Spider Nest)
 25753 | Spider:3 | Received a gift from Trog
 25760 | Spider:3 | Reached skill level 5 in Shields
 26080 | Spider:3 | Found a transporter.
 26106 | Spider:3 | Identified the serpent talisman of Honour {*Corrode rF++
                  | rC+ rN+}
 26106 | Spider:3 | Noticed Aizul
 26121 | Spider:3 | Killed Aizul
 26500 | Spider:3 | Noticed Bai Suzhen
 26511 | Spider:3 | Killed Bai Suzhen
 26822 | Spider:3 | Found a runed translucent gate.
 26822 | Spider:3 | Found a runed translucent gate.
 26822 | Spider:3 | Found a runed translucent gate.
 26823 | Spider:3 | Noticed robotcentaur's ghost (adept TeNe)
 26860 | Spider:3 | Killed robotcentaur's ghost
 26932 | Spider:3 | Reached XP level 17. HP: 165/165 MP: 0/16
 26942 | Spider:3 | Identified the +0 cloak of the Many Spines {Dex+3}
 27376 | Shoals:1 | Entered Level 1 of the Shoals
 27937 | Shoals:1 | Received a gift from Trog
 28588 | Shoals:2 | Noticed Ilsuiw
 28615 | Shoals:2 | Killed Ilsuiw
 28891 | Shoals:2 | Noticed a kraken
 28897 | Shoals:2 | Killed a kraken
 28898 | Shoals:2 | Found a runed translucent gate.
 28899 | Shoals:2 | Found a runed translucent gate.
 28900 | Shoals:2 | Found a runed translucent gate.
 28901 | Shoals:2 | Noticed Amuaxidi's ghost (adept FoCK)
 28919 | Shoals:2 | Killed Amuaxidi's ghost
 29036 | Shoals:2 | Received a gift from Trog
 30296 | Shoals:3 | Noticed a kraken
 30303 | Shoals:3 | Killed a kraken
 30538 | Shoals:3 | Identified the +1 robe of Foolhardiness {rC+++ Int-5 Dex-4
                  | Archmagi}
 30608 | Shoals:4 | Entered Level 4 of the Shoals
 30967 | Shoals:4 | HP: 12/249 [merfolk javelineer/silver javelin (4)]
 30968 | Shoals:4 | HP: 2/249 [merfolk javelineer/silver javelin (11)]
 30986 | Shoals:4 | Noticed Polyphemus
 31451 | Shoals:4 | Identified the +0 orcbow "Orchuen" {drain, rC+ Str+4}
 31461 | Shoals:4 | Noticed a kraken
 31480 | Shoals:4 | Reached XP level 18. HP: 48/176 MP: 17/17
 31808 | Shoals:4 | Received a gift from Trog
 31877 | Shoals:4 | Reached skill level 10 in Evocations
 32460 | Shoals:4 | Got a barnacled rune of Zot
 32499 | Shoals:4 | Killed Polyphemus
 33318 | Spider:4 | Entered Level 4 of the Spider Nest
 33326 | Spider:4 | Identified the +11 battleaxe "Cavyvov" {flame, Dex+6 SInv
                  | Stlth+} (Trog gifted it to you on level 4 of the Spider
                  | Nest)
 33326 | Spider:4 | Received a gift from Trog
 33911 | Spider:4 | Blown up by an orb spider

Illustrated notes

Levels and vault maps discovered:
D:1:      amcnicky_arrival_wind_blow, layout_basic,
          chequers_ecumenical_altar_island, nrook_campfire, minmay_tetromino_l4
D:2:      layout_rooms, serial_shops, nicolae_shop_tiny_real_fake_doors, shop,
          shop, uniq_natasha
D:3:      layout_loops_ring, nicolae_uskayaw_dance_hall,
          chequers_serial_rivers_room_b, uniq_jessica, uniq_robin,
          uniq_crazy_yiuf_cottage
D:4:      layout_basic, lemuel_zombie_altar_kikubaaqudgha, hex_medium
D:5:      layout_loops_ring, minmay_temple_entry_fiery,
          nicolae_ossuary_entry_monument, minmay_manual_mares
D:6:      layout_basic, gup_sewer_entry_bubbles, kennysheep_windowed_goal,
          uniq_sigmund
D:7:      layout_basic, serial_undead, serial_undead_d, serial_undead_e,
          serial_undead_f, serial_undead_d, serial_undead_e, uniq_joseph
D:8:      layout_basic, serial_ice, serial_ice_c, serial_ice_m, serial_ice_d,
          serial_ice_h, hangedman_decor_opposing, minivault_26, uniq_grum,
          uniq_amaemon
D:9:      layout_basic, old_standard_altar, mainiacjoe_overflow_tiny_flanked,
          grunt_lair_entry_orc_guard_hut, special_room [special_room_bee]
D:10:     layout_irregular_city, minmay_misc_feat_more_columns
D:11:     layout_basic, nemelex_spade_bored_becter
D:12:     layout_rooms, orc_0_dummy, gammafunk_ghost_cemetery, serial_shops,
          nicolae_shop_hallway_plus, okawaru_humans, uniq_azrael
D:13:     layout_roguey, gammafunk_ghost_crypt, grunt_qazlal_sundering,
          uniq_jorgrun
D:14:     layout_basic, david_vaults_5, nicolae_titane, gammafunk_ghost_grave,
          uniq_rupert
D:15:     grunt_enter_depths_magical_seal, layout_small_grid,
          amcnicky_mini_pool_small, nicolae_trove_entry_diagonal,
          minivault_25_ag, st_stairs_10, dreamdust_princess_corridor,
          corexii_checkpoint, uniq_louise
Lair:1:   layout_cave_shapes
Lair:2:   layout_cave_pods, mainiacjoe_shoals_entry_four_pools,
          nicolae_volcano_entry_batcave, grunt_megastairs_2,
          serial_bayou_shore_a
Lair:3:   layout_cave_pods, nicolae_spider_entry_lesser_pyramids,
          nzn_ghost_randoct, nicolae_lair_grove_arrangements,
          nicolae_quartered_pool_impasse, uniq_kirke
Lair:4:   layout_cellular_growth, st_stairs_9, serial_bayou_shore_b, uniq_snorg
Lair:5:   evil_forest, layout_hall_layers, nicolae_slime_entry_field_trip,
          gauntlet_entry_generic
Shoals:1: layout_shoals
Shoals:2: layout_shoals, gammafunk_ghost_necromancy,
          nicolae_shoals_square_sea_wall, nicolae_shoals_elemental_ambush,
          uniq_ilsuiw
Shoals:3: layout_shoals
Shoals:4: shoals_end_grunt_ice, layout_shoals, uniq_polyphemus
Spider:1: layout_cave_pods
Spider:2: layout_spider_delve, hangedman_spider_tarantella_strand, uniq_frances,
          uniq_arachne
Spider:3: gammafunk_sealed_arena, ebering_ghost_rock_garden, uniq_bai_suzhen,
          uniq_aizul
Spider:4: grunt_spider_rune_parallel
Orc:1:    layout_caves, gammafunk_ghost_split, nicolae_shop_gadgets
Orc:2:    st_orc_rangers, layout_caves
Elf:1:    layout_gridlike, serial_shops, shop, evilmike_minifort,
          grunt_ministairs_7, moated_statue, guppyfry_library_mini, uniq_zenata

Skill      XL: |  1  2  3  4  5  6  7  8  9 10 11 12 13 14 15 16 17 18 |
---------------+-------------------------------------------------------+-----
Axes           | 4 5 6 7 8 9 10 12 13 15 16 17 18 19 | 19.6
Fighting       | 4 5 6 7 9 10 11 13 14 16 17 18 19 | 19.5
Armour         | 3 4 5 7 8 10 11 13 14 15 17 18 19 | 19.3
Dodging        | 3 4 5 8 10 11 14 15 16 17 18 | 18.1
Stealth        | 2 4 |  4.0
Evocations     | 2 7 9 10 | 10.9
Shields        | 2 6 8 9 |  9.7

Action                     |  1- 3 |  4- 6 |  7- 9 | 10-12 | 13-15 | 16-18 || total
---------------------------+-------+-------+-------+-------+-------+-------++-------
  Melee: Hand axe          |    23 |    67 |       |       |       |       ||    90
         Headbutt          |     5 |    20 |    40 |    45 |   133 |   216 ||   459
         Mace              |       |    40 |   261 |       |       |       ||   301
         Punch             |       |     1 |     1 |       |       |       ||     2
         Broad axe         |       |       |    35 |   330 |   700 |   799 ||  1864
         Unarmed           |       |       |       |       |     1 |       ||     1
         Battleaxe         |       |       |       |       |       |    91 ||    91
 Invoke: Berserk           |     2 |     2 |     1 |     3 |     7 |     8 ||    23
         Trog's Hand       |       |     2 |     2 |     5 |    12 |    13 ||    34
         Brothers in Arms  |       |       |       |     1 |     1 |     4 ||     6
    Use: Scroll            |       |     2 |     4 |     8 |     2 |     9 ||    25
         Potion            |       |       |       |     1 |     1 |    10 ||    12
   Stab: Petrified         |       |       |       |       |       |     3 ||     3
         Petrifying        |       |       |       |       |       |     2 ||     2
 Armour: Animal skin       |     3 |       |       |       |       |       ||     3
         Ring mail         |    19 |    88 |     2 |       |       |       ||   109
         Plate armour      |       |       |   484 |   300 |   554 |   870 ||  2208
         Skin              |       |       |       |       |     4 |       ||     4
  Dodge: Dodged            |    21 |    90 |   279 |   213 |   352 |   678 ||  1633
  Block: Other             |       |       |    97 |       |       |    32 ||   129
         Buckler           |       |       |    17 |   183 |    62 |       ||   262
         Reflection        |       |       |     5 |    12 |    96 |    36 ||   149
         Kite shield       |       |       |       |       |    74 |       ||    74
         Tower shield      |       |       |       |       |   832 |  1609 ||  2441
         Form:             |       |       |       |       |       |     1 ||     1
         Serpent           |       |       |       |       |       |     1 ||     1
